 Dungeon Crawl Stone Soup version 0.27.0-1-g7a089689b8 (webtiles) character file.

Game seed: 15989896178429899127

31 bnorton916 the Conjurer (level 3, -9/19 HPs)
             Began as a Deep Elf Conjurer on Aug 16, 2021.
             Killed by divine providence
             ... invoked by an orc priest
              (14 damage)
             ... on level 2 of the Dungeon.
             The game lasted 00:02:00 (1630 turns).

bnorton916 the Conjurer (Deep Elf Conjurer)         Turns: 1630, Time: 00:02:01

Health: -9/19      AC:  3    Str:  4    XL:     3   Next: 7%
Magic:  7/10       EV: 12    Int: 23    God:
Gold:   64         SH:  0    Dex: 13    Spells: 7/10 levels left

rFire    . . .     SeeInvis .   (no weapon)
rCold    . . .     Faith    .   (no shield)
rNeg     . . .     Spirit   .   a - +0 robe
rPois    .         Reflect  .   (no helmet)
rElec    .         Harm     .   (no cloak)
rCorr    .         Rampage  .   (no gloves)
Will     .....                  g - +0 pair of boots
Stlth    ++........             (no amulet)
HPRegen  0.06/turn              (no ring)
MPRegen  0.12/turn              (no ring)

@: no status effects
A: no striking features
a: no special abilities


You were on level 2 of the Dungeon.
You visited 1 branch of the dungeon, and saw 2 of its levels.

You collected 64 gold pieces.

Inventory:

Hand Weapons
 b - a +2 short sword of holy wrath
Armour
 a - a +0 robe (worn)
 g - a +0 pair of boots (worn)
Scrolls
 c - a scroll of magic mapping {unknown}
 e - a scroll of teleportation {unknown}
 f - a scroll of silence {unknown}
Potions
 d - a potion of flight {unknown}


   Skills:
 - Level 2.4 Dodging
 - Level 2.4 Stealth
 + Level 4.1 Spellcasting
 + Level 5.0 Conjurations


You had 7 spell levels left.
You knew the following spells:

 Your Spells              Type           Power      Damage    Failure   Level
a - Magic Dart            Conj           100%       1d8       1%          1
b - Searing Ray           Conj           54%        3d5       1%          2

Your spell library contained the following spells:

 Spells                   Type           Power      Damage    Failure   Level
 Dazzling Flash           Conj/Hex       32%        N/A       11%         3
 Mephitic Cloud           Conj/Pois/Air  12%        N/A       16%         3
 Ignite Poison            Fire/Tmut/Pois 4%         N/A       30%         3
 Fulminant Prism          Conj/Hex       8%         3d7       36%         4
 Iskenderun's Mystic Bla  Conj/Tloc      16%        2d5       36%         4
 Bolt of Magma            Conj/Fire/Erth 6%         4d6       82%         5
 Agony                    Necr           4%         N/A       96%         5
 Silence                  Hex/Air        2%         N/A       96%         5


Dungeon Overview and Level Annotations

Branches:
Dungeon (2/15)

Altars:


Message History

Aiming: Magic Dart (safe; 1% risk of failure)
Press: ? - help, Shift-Dir - straight line, f/p - orc
Aim: an orc, wielding a +0 flail and wearing a +0 leather armour (severely wounded, 100% to hit)
The magic dart hits the orc.
You kill the orc!
Casting: Magic Dart (safe; 1% risk of failure)
Confirm with . or Enter, or press ? or * to list all spells.
You can't see any susceptible monsters within range! (Use Z to cast anyway.) Unknown command.
You start resting.
Magic restored.
You start resting.
HP restored.
You start waiting.
Done waiting.
Memorise Searing Ray, consuming 2 spell levels and leaving 7?
You start memorising the spell.
You continue memorising. x2
You finish memorising.
Spell assigned to 'b'.
Okay, then.
You climb downwards.
There is a stone staircase leading up here.
Unknown command.
Casting: Magic Dart (safe; 1% risk of failure)
Confirm with . or Enter, or press ? or * to list all spells.
Aiming: Searing Ray (safe; 1% risk of failure)
Press: ? - help, Shift-Dir - straight line, f - orc priest
Aim: an orc priest, wielding a +0 hand axe and wearing a +0 scale mail (82% to hit)
The searing ray hits the orc priest!
The orc priest is severely wounded. (Press . to maintain the ray.)
The orc priest invokes the aid of Beogh against you.
Beogh smites you!
Ouch! That really hurt!
* * * LOW HITPOINT WARNING * * *
The searing ray hits the orc priest.
The orc priest is almost dead.
The orc priest invokes the aid of Beogh against you.
Beogh smites you!
Ouch! That really hurt!
You die...

###.#.#......###.#####.........#
###.#.#......'....#......########
..#.#(#......###..#......#.......
#.#.#.##+##....#..#####.##.#####.
#.#.#.# #.....#...........# #.
#.#...#.....####.####.##########.
#...#.....#.. ...................
...###...###..##.####.###########
....#..#..#.....@#.##.# ..#...##
......#.#....# #.#...#
#.....#o#.#..######
#.....##....#.#....o.......#
#...#.....#.....#.#.#.####.#
#..###...###..#..........#
#...#.....#...#.#.#.#..#.#
##....###.$.# #........#.# #.##.#
.#####.#.#.#..#.#


You could see an orc priest.

Vanquished Creatures
  An orc (D:1)
  3 ball pythons
  4 endoplasms (D:1)
  2 giant cockroaches (D:1)
  2 goblins (D:1)
  3 hobgoblins (D:1)
  6 jackals (D:1)
  3 frilled lizards
  A rat (D:1)
25 creatures vanquished.

Notes
Turn   | Place    | Note
-------+----------+-------------------------------------------
     0 | D:1      | bnorton916 the Deep Elf Conjurer began the quest for the
                  | Orb.
     0 | D:1      | Reached XP level 1. HP: 10/10 MP: 6/6
   247 | D:1      | Reached XP level 2. HP: 11/15 MP: 4/8
  1244 | D:2      | Reached skill level 5 in Conjurations
  1244 | D:2      | Reached XP level 3. HP: 19/19 MP: 8/10
  1627 | D:1      | Learned a level 2 spell: Searing Ray
  1630 | D:2      | Killed from afar by an orc priest

Illustrated notes

Levels and vault maps discovered:
D:1:      ebering_hopf_link, layout_basic
D:2:      cheibrodos_pilgrimage, layout_basic, serial_glass, glass_columns_b,
          glass_columns_b, minmay_strange_pillars, minmay_strange_pillars,
          due_unseen_surprise, minmay_strange_pillars

Skill      XL: |  1  2 |
---------------+-------+-----
Spellcasting   | 4 |  4.1
Conjurations   | 5 |  5.0
Dodging        | |  2.4
Stealth        | |  2.4

Action                   || total
-------------------------++-------
 Cast: Magic Dart        ||    49
       Searing Ray       ||     1
Armor: Robe              ||     2
Dodge: Dodged            ||    13
